Map: Dusk Towers

Players

LiquidTLO (TLO) - Winner!

  • Race: Zerg Zerg
  • League: Grandmaster

iGiAsonu (iAsonu)

  • Race: Zerg Zerg

Event: 2016 WCS Winter Circuit Championship

VOD

Have the link to the VOD?

Description

Time

  • Played on: March 3, 2016, 6:53 a.m.
  • Length: 9:46

All games in this series

Show
View Real Time Build Order
Export as new Build Order

LiquidTLO Zerg - Winner!

Build Orders: Hatch First 

Get SALT Encoding   

  12  0:01  Drone  
  13  0:12  Overlord  
  13  0:17  Drone  
  14  0:30  Drone x2  
  14  0:34  Drone  
  17  0:51  Hatchery  
  17  0:54  Drone  
  17  1:07  Spawning Pool  
  17  1:10  Drone  
  17  1:14  Drone  
  17  1:15  Extractor  
  17  1:18  Drone  
  18  1:29  Drone  
  19  1:40  Overlord  
  19  1:49  Drone  
  20  1:54  Queen  
  22  2:03  Hatchery  
  22  2:05  Drone  
  22  2:08  Drone  
  23  2:17  Queen  
  23  2:20  Zergling x2  
  26  2:23  Drone  
  26  2:27  Drone  
  28  2:30  Drone  
  28  2:36  Drone  
  28  2:37  Drone  
  31  2:43  Drone  
  32  2:46  Baneling Nest  
  32  2:49  Overlord  
  31  2:53  Zergling x2  
  32  2:59  Drone  
  32  3:03  Drone x3  
  36  3:08  Drone x2  
  38  3:15  Queen  
  38  3:17  Drone  
  38  3:19  Drone  
  41  3:21  Zergling x2  
  41  3:25  Spine Crawler  
  41  3:29  Baneling x2  
  41  3:30  Zergling x2  
  41  3:31  Zergling x2  
  41  3:32  Zergling x2  
  44  3:34  Zergling x2  
  44  3:37  Zergling x4  
  44  3:40  Zergling x2  
  48  3:44  Drone  
  48  3:47  Drone  
  47  3:51  Drone  
  47  3:54  Queen  
  47  3:56  Drone  
  47  3:58  Drone  
  49  4:04  Lair  
  49  4:07  Overlord  
  49  4:11  Metabolic Boost  
  49  4:15  Overlord  
  49  4:17  Extractor  
  49  4:18  Drone  
  49  4:24  Overlord  
  49  4:26  Drone  
  49  4:27  Drone x4  
  49  4:29  Drone  
  49  4:30  Drone  
  56  4:32  Drone  
  56  4:34  Drone  
  56  4:36  Drone  
  56  4:37  Drone  
  60  4:39  Drone  
  60  4:40  Drone  
  60  4:41  Drone  
  60  4:43  Drone  
  60  4:44  Drone  
  65  4:47  Extractor  
  65  4:48  Extractor  
  65  4:51  Drone  
  65  4:52  Drone  
  65  4:54  Baneling  
  65  4:55  Zergling x2  
  65  4:58  Drone  
  65  4:59  Spine Crawler, Drone  
  67  5:03  Spire  
  67  5:05  Drone x2  
  68  5:08  Drone  
  68  5:10  Drone, Overlord  
  68  5:11  Zergling x2  
  68  5:14  Zergling x2  
  71  5:15  Drone  
  71  5:16  Extractor  
  71  5:18  Extractor  
  71  5:19  Overlord  
  71  5:20  Zergling x2  
  71  5:24  Drone  
  71  5:26  Zergling x2  
  73  5:29  Overlord  
  73  5:30  Overlord  
  73  5:34  Drone x3  
  75  5:35  Overlord  
  75  5:47  Drone x3  
  75  5:48  Drone  
  75  5:49  Overlord  
  79  5:53  Overlord  
  78  5:58  Spine Crawler  
  78  5:59  Spine Crawler  
  76  6:09  Drone  
  77  6:14  Mutalisk x8  
  77  6:15  Mutalisk  
  95  6:27  Mutalisk  
  95  6:29  Drone  
  95  6:30  Drone  
  99  6:33  Mutalisk  
  99  6:38  Zergling x6  
  99  6:39  Spine Crawler x2  
  102  6:40  Zerg Flyer Weapons Level 1, Spine Crawler, Mutalisk  
  102  6:42  Zergling x2  
  102  6:43  Zergling x4  
  102  6:44  Baneling x2  
  102  6:45  Baneling x2  
  106  6:47  Baneling x2  
  106  6:48  Zergling x2  
  106  6:50  Zergling x2  
  106  6:53  Zergling x2  
  106  6:54  Baneling x5  
  109  6:55  Zergling x2  
  109  6:57  Zergling x2  
  109  6:58  Zergling x2  
  109  7:00  Zergling x2  
  109  7:01  Zergling x2  
  111  7:03  Zergling x2  
  111  7:05  Zergling x2  
  111  7:06  Zergling x2  
  111  7:07  Zergling x2  
  110  7:09  Drone  
  110  7:11  Drone  
  110  7:13  Mutalisk  
  110  7:14  Mutalisk  
  108  7:22  Mutalisk  
  108  7:25  Mutalisk  
  112  7:39  Baneling  
  112  7:40  Baneling x4  
  110  7:45  Mutalisk  
  110  7:46  Mutalisk  
  111  7:51  Mutalisk  
  111  7:58  Mutalisk  
  110  8:02  Zergling x2  
  110  8:04  Mutalisk  
  110  8:05  Zergling x16  
  113  8:06  Zergling x8  
  121  8:15  Zergling x2  
  121  8:19  Mutalisk  
  122  8:20  Hatchery  
  122  8:22  Overlord x5  
  121  8:27  Evolution Chamber, Mutalisk  
  121  8:28  Evolution Chamber  
  121  8:29  Baneling  
  121  8:30  Baneling x7  
  121  8:34  Overseer  
  121  8:36  Overlord  
  121  8:38  Overlord  
  121  8:42  Overseer  
  121  8:43  Mutalisk  
  121  8:47  Mutalisk  
  125  8:50  Zergling x10  
  125  8:54  Mutalisk  
  128  9:00  Zergling x2  
  129  9:03  Drone  
  129  9:04  Drone  
  129  9:06  Spine Crawler  
  129  9:07  Spore Crawler, Spine Crawler  
  129  9:09  Mutalisk  
  128  9:10  Mutalisk  
  128  9:13  Mutalisk  
  136  9:19  Mutalisk  
Show
View Real Time Build Order
Export as new Build Order

iGiAsonu Zerg 

Build Orders: Hatch First 

Get SALT Encoding   

  12  0:01  Drone  
  13  0:12  Overlord  
  13  0:18  Drone  
  14  0:31  Drone  
  14  0:32  Drone  
  16  0:36  Drone  
  17  0:52  Hatchery  
  17  0:56  Drone  
  17  0:58  Drone  
  17  1:01  Extractor  
  17  1:13  Spawning Pool  
  17  1:16  Drone  
  17  1:20  Drone  
  18  1:29  Drone  
  19  1:39  Drone  
  20  1:49  Overlord  
  20  2:00  Queen  
  22  2:03  Queen  
  22  2:04  Metabolic Boost  
  22  2:05  Drone  
  22  2:07  Drone  
  26  2:11  Drone  
  27  2:17  Drone  
  27  2:22  Baneling Nest, Zergling x2  
  28  2:26  Drone  
  29  2:40  Hatchery  
  29  2:42  Drone  
  29  2:47  Overlord  
  29  2:50  Zergling x2  
  30  2:54  Zergling x2  
  30  2:57  Zergling x2  
  32  2:59  Drone  
  33  3:06  Drone  
  33  3:07  Baneling x2  
  33  3:09  Drone x2  
  33  3:11  Zergling x2  
  37  3:14  Drone x2  
  37  3:16  Drone  
  37  3:18  Drone  
  41  3:22  Overlord  
  42  3:27  Drone  
  42  3:31  Drone  
  43  3:34  Drone  
  43  3:41  Drone  
  43  3:43  Overlord  
  43  3:44  Drone  
  45  3:51  Overlord  
  45  3:53  Drone  
  45  3:55  Lair  
  44  3:56  Extractor  
  44  3:57  Roach Warren  
  44  3:58  Queen  
  44  3:59  Baneling  
  44  4:02  Drone  
  45  4:04  Drone x2  
  45  4:06  Drone  
  45  4:08  Drone  
  49  4:12  Extractor  
  49  4:13  Drone  
  49  4:14  Drone, Evolution Chamber  
  50  4:17  Zergling x2  
  50  4:18  Drone  
  50  4:20  Drone  
  50  4:24  Overlord  
  52  4:25  Drone  
  52  4:26  Drone  
  52  4:28  Drone  
  52  4:29  Zergling x2  
  55  4:32  Drone  
  55  4:33  Drone  
  55  4:36  Overlord  
  55  4:38  Roach  
  59  4:40  Drone  
  59  4:43  Zerg Missile Weapons Level 1  
  60  4:46  Drone x2  
  60  4:50  Drone  
  63  4:53  Extractor  
  63  4:57  Glial Reconstitution  
  63  4:58  Overlord  
  63  4:59  Drone x2  
  64  5:02  Roach  
  64  5:03  Roach  
  64  5:05  Roach  
  70  5:11  Roach x4  
  78  5:15  Drone  
  78  5:16  Roach  
  78  5:20  Overlord  
  81  5:22  Roach x2  
  81  5:24  Overlord  
  85  5:29  Roach x2  
  89  5:36  Overlord  
  89  5:38  Roach  
  89  5:39  Roach x2  
  94  5:43  Roach  
  94  5:44  Roach x3  
  102  5:50  Overlord  
  102  5:54  Roach x4  
  110  5:58  Overseer  
  110  6:00  Overlord  
  110  6:02  Roach x2  
  114  6:10  Roach  
  114  6:11  Roach x4  
  124  6:19  Burrow  
  124  6:23  Roach  
  126  6:29  Roach x3  
  126  6:31  Drone x6  
  138  6:32  Overlord  
  138  6:33  Overlord  
  138  6:35  Overlord  
  138  6:37  Overlord  
  138  6:41  Extractor  
  138  6:45  Zerg Missile Weapons Level 2, Overlord  
  137  6:50  Extractor  
  137  6:52  Baneling x3  
  134  6:54  Drone x4  
  134  7:07  Drone  
  123  7:10  Drone  
  110  7:18  Hydralisk Den, Spore Crawler  
  110  7:19  Tunneling Claws  
  110  7:21  Spore Crawler x2  
  98  7:25  Pneumatized Carapace, Spore Crawler  
  89  7:31  Roach x2  
  89  7:32  Spore Crawler  
  89  7:36  Roach x6  
  82  7:46  Roach  
  82  7:50  Roach x7  
  91  7:54  Roach  
  91  7:55  Roach  
  78  8:03  Roach  
  80  8:05  Spore Crawler  
  79  8:22  Hydralisk x3  
  79  8:23  Hydralisk  
  85  8:29  Spore Crawler  
  84  8:35  Spore Crawler  
  84  8:39  Hydralisk x4, Roach x10  
  91  8:49  Hatchery  
  91  8:52  Drone x2  
  76  9:01  Drone x6  
  82  9:05  Roach  
  82  9:13  Spore Crawler  
  82  9:16  Drone x2  
  83  9:23  Roach x2  
Tags
 
Add a new tag
Caveats
  • Supply blocks, unpowered buildings, or Contaminate may cause inaccurate times.
  • Supply counts are checked every 10 seconds.